[Event "Early-Titled-Tuesday-Blitz-February-13-2024"]
[Site "Chess.com"]
[Date "2024.02.13"]
[Round "11"]
[White "abelmat"]
[Black "LeoWin2012"]
[Result "0-1"]
[WhiteElo "2081"]
[BlackElo "2226"]
[TimeControl "180+1"]
[EndTime "10:10:03 PST"]
[Termination "LeoWin2012 won on time"]

1. d4 e6 2. c4 a6 3. Nf3 h6 4. Nc3 Nf6 5. Bf4 Bb4 6. Qc2 c5 7. e3 Nc6 8. a3 cxd4 9. exd4 Bxc3+ 10.
Qxc3 d5 11. Bd3 dxc4 12. Bxc4 Nd5 13. Bxd5 Qxd5 14. O-O O-O 15. Rac1 Bd7 16. Ne5 Nxe5 17. dxe5 Bc6 18. Qg3 Kh7 19. h3 g5 20. Be3 Rg8 21.
Rc5 Qe4 22. Rfc1 Rg6 23. b4 Rag8 24. R5c4 Qf5 25. f3 h5 26. Qf2 g4 27. Rf4 Qxe5 28. Rxf7+ R8g7 29. Rxg7+ Qxg7 30. hxg4 hxg4 31. Qh4+ Kg8 32.
Qd8+ Qf8 33. Qxf8+ Kxf8 34. f4 Ke7 35. Kf2 g3+ 36. Ke2 Bxg2 37. Rc7+ Ke8 38. Kd3 Bd5 39.
Kd4 g2 40. Ke5 g1=Q 41. Bxg1 Rxg1 42. Kf6 Ra1 43. Ke5 Rxa3 44. f5 Re3+ 45. Kd6 Bb3 46. f6 Rd3+ 47. Ke5 Rd7 48. Rc3 Bd5 49. Rh3 Rf7 0-1

[Event "Early-Titled-Tuesday-Blitz-February-13-2024"]
[Site "Chess.com"]
[Date "2024.02.13"]
[Round "11"]
[White "CarlosjPineror"]
[Black "Nouali_Mohamed"]
[Result "1-0"]
[WhiteElo "2698"]
[BlackElo "2570"]
[TimeControl "180+1"]
[EndTime "10:10:04 PST"]
[Termination "CarlosjPineror won by resignation"]

1. e4 c5 2. Nf3 Nc6 3. g3 g6 4.
Bg2 Bg7 5. O-O d6 6. h3 Nf6 7. d3 O-O 8. Nc3 Rb8 9. Be3 b5 10. Qd2 b4 11. Nd1 Re8 12. Ne1 e5 13. f4 d5 14. Bxc5 dxe4 15. Nf2 exf4 16. Qxf4 Nd5 17. Qd6 Bxb2 18. Rb1 Qxd6 19. Bxd6 Bd4 20. Bxb8 Nxb8 21. Bxe4 Ne3 22. Rxb4 Bxh3 23. Rxd4 Bxf1 24. Ra4 f5 25. Bf3 Nd7 26. Bc6 Rd8 27. Rd4 h5 28. Rxd7 Rxd7 29.
Bxd7 Kg7 30. Ba4 Be2 31. c4 Kf6 32. Nc2 Nxc2 33. Bxc2 Ke5 34. Bd1 Bxd1 35. Nxd1 Kd4 36. Kf2 g5 37. Ke2 f4 38. gxf4 g4 39. Nf2 g3 40.
Nh3 h4 41. Kf3 a5 42. Kg4 g2 43. Kxh4 a4 44. Kg3 a3 45. Kxg2 1-0

[Event "Early-Titled-Tuesday-Blitz-February-13-2024"]
[Site "Chess.com"]
[Date "2024.02.13"]
[Round "11"]
[White "GMRAVEN_ON_YOUTUBE"]
[Black "jaskol95"]
[Result "1-0"]
[WhiteElo "2785"]
[BlackElo "2578"]
[TimeControl "180+1"]
[EndTime "10:10:05 PST"]
[Termination "GMRAVEN_ON_YOUTUBE won by checkmate"]

1. f4 d5 2. Nf3 Nf6 3. e3 Bg4 4.
h3 Bxf3 5. Qxf3 e6 6. Nc3 c6 7.
d3 Nbd7 8. e4 Bb4 9. Bd2 d4 10.
Nb1 Qe7 11. g4 e5 12. g5 Ng8 13. h4 O-O-O 14. Bh3 Kb8 15. O-O Bd6 16. f5 f6 17.
Na3 Bxa3 18. bxa3 Qxa3 19. Rab1 Qxa2 20. Bb4 c5 21. Ra1 Qxc2 22. Rfc1 Qb3 23. Rcb1 Qf7 24. g6 Qe7 25. Ba5 Rc8 26. h5 Qd6 27. Qg3 Ne7 28. Bg4 Nc6 29. Bd2 Nb6 30. Bd1 c4 31. dxc4 Nxc4 32. Qb3 Nb6 33. Qd3 hxg6 34. hxg6 Rh4 35.
Be1 Rhh8 36. Bb3 Nd7 37. Be6 Nc5 38. Qb5 Rc7 39. Bd5 Rh3 40. Rc1 Ne7 41. Bb4 Nxd5 42. Bxc5 Qc6 43. Bxa7+ Kc8 44. Rxc6 bxc6 45. Qb8+ Kd7 46. exd5 cxd5 47. Bb6 Rcc3 48. Qd8+ Kc6 49. Qc7+ Kb5 50. Rb1+ Rb3 51. Rxb3+ Rxb3 52. Qc5+ Ka6 53. Qa5+ Kb7 54. Qxd5+ Kxb6 55. Qxb3+ Kc5 56. Qf7 d3 57. Qxg7 e4 58. Qxf6 e3 59. Qc3+ Kd5 60. Qxd3+ Ke5 61. Qxe3+ Kf6 62. Qe6+ Kg7 63. f6+ Kh8 64. f7 Kg7 65.
Qf5 Kf8 66. Kh1 Kg7 67. f8=Q# 1-0

[Event "Early-Titled-Tuesday-Blitz-February-13-2024"]
[Site "Chess.com"]
[Date "2024.02.13"]
[Round "11"]
[White "HelvertHernandez"]
[Black "Dewarfd"]
[Result "1-0"]
[WhiteElo "1981"]
[BlackElo "2151"]
[TimeControl "180+1"]
[EndTime "10:10:06 PST"]
[Termination "HelvertHernandez won on time"]

1. e4 c5 2. Nf3 g6 3. d4 cxd4 4. Nxd4 Nc6 5. Nc3 Bg7 6. Be3 Nf6 7. Bc4 O-O 8. Bb3 d5 9. exd5 Nb4 10. Nf3 Bg4 11. a3 Na6 12. h3 Bxf3 13. Qxf3 Rc8 14. O-O Nc5 15. Ba2 b6 16. Rad1 Nfd7 17. Bd4 Nf6 18. Rfe1 Re8 19. g4 Qd7 20. g5 Nh5 21. Bxg7 Nxg7 22. Kg2 Nf5 23. Qg4 Na4 24. Qxa4 Qd6 25. Qe4 h6 26. h4 hxg5 27. hxg5 Kg7 28. f4 Rh8 29. Qe5+ Qxe5 30. fxe5 Rh4 31. d6 Rg4+ 32.
Kf3 Rxg5 33. d7 Rd8 34. Ne4 Rh5 35. c4 Rh3+ 36. Kg2 Rh4 37. c5 bxc5 38. Nxc5 Rg4+ 39.
Kf3 Rh4 40. Nb7 1-0

[Event "Early-Titled-Tuesday-Blitz-February-13-2024"]
[Site "Chess.com"]
[Date "2024.02.13"]
[Round "11"]
[White "MaxLeto"]
[Black "ChessSkool"]
[Result "0-1"]
[WhiteElo "2545"]
[BlackElo "2713"]
[TimeControl "180+1"]
[EndTime "10:10:08 PST"]
[Termination "ChessSkool won by checkmate"]

1. g4 d5 2. Bg2 c6 3. h3 h5 4. g5 e5 5. d4 Nd7 6. c4 dxc4 7.
Nc3 Ne7 8. Nf3 Ng6 9. dxe5 Be7 10. e6 fxe6 11. Qc2 Ndf8 12. Be3 e5 13. Nd2 Be6 14.
O-O-O Qc7 15. Be4 Nh4 16. Nf1 Bd7 17. Na4 O-O-O 18. Bxa7 b5 19. Bb6 Qb7 20. Bxd8 Kxd8 21. Nc3 Ne6 22. e3 Rf8 23. Ng3 Nxg5 24. Rd2 Nhf3 25.
Re1 Nxe1 26. Qd1 Nd3+ 27. Bxd3 cxd3 28. Rxd3 Kc8 29. Nce4 Nxe4 30. Nxe4 Qc7 31. Nd6+ Bxd6 32. Rxd6 Rxf2 33. e4 Rf1 34. Qxf1 Qxd6 35. Qf3 g6 36.
Qe3 Kc7 37. a3 Qd4 38. Qe1 Kb6 39. Kb1 Bxh3 40. Ka1 Be6 41. Kb1 Qd3+ 42. Kc1 Bb3 43. Qg1+ Ka6 44. Qxg6 Qc2# 0-1

[Event "Early-Titled-Tuesday-Blitz-February-13-2024"]
[Site "Chess.com"]
[Date "2024.02.13"]
[Round "11"]
[White "Dinosaurio_1975"]
[Black "sokidze"]
[Result "1-0"]
[WhiteElo "2608"]
[BlackElo "2794"]
[TimeControl "180+1"]
[EndTime "10:10:08 PST"]
[Termination "Dinosaurio_1975 won on time"]

1. e4 c6 2. d4 d5 3. exd5 cxd5 4.
Bd3 Nc6 5. c3 Nf6 6. h3 e5 7.
dxe5 Nxe5 8. Qe2 Ne4 9. Bb5+ Bd7 10. Nf3 Ng6 11. O-O Bd6 12. Rd1 O-O 13. Rxd5 Bxb5 14.
Qxb5 Nh4 15. Nxh4 Qxh4 16. Be3 Rad8 17. Nd2 Bb8 18. Nxe4 Qxe4 19. Rad1 Rxd5 20. Qxd5 Qa4 21. Rd2 h6 22. Qxb7 Qxa2 23. g3 Re8 24. Qd7 Qb1+ 25.
Kh2 Qe4 26. Bxa7 Re7 27. Qd8+ Re8 28. Qd4 Bxa7 29. Qxa7 Qf3 30. Qa1 Re2 31. Rxe2 Qxe2 32. Kg1 h5 33. h4 g5 34. hxg5 h4 35. Qa8+ Kg7 36. gxh4 Qxb2 37. Qf3 Qc2 38. Kg2 Kg6 39. Qf6+ Kh5 40. Kg3 Qd3+ 41. Qf3+ 1-0

[Event "Early-Titled-Tuesday-Blitz-February-13-2024"]
[Site "Chess.com"]
[Date "2024.02.13"]
[Round "11"]
[White "JaackCamel"]
[Black "Canal_Showdrez"]
[Result "1-0"]
[WhiteElo "2197"]
[BlackElo "2074"]
[TimeControl "180+1"]
[EndTime "10:10:08 PST"]
[Termination "JaackCamel won by resignation"]

1. d4 Nf6 2. c4 g6 3. Nc3 Bg7 4. e4 d6 5. Nf3 O-O 6. Be2 e5 7. Be3 Bg4 8. d5 a5 9. Nd2 Bxe2 10. Qxe2 Na6 11. O-O Nh5 12. g3 c5 13. a3 Nc7 14.
Kg2 h6 15. f3 f5 16. Bf2 f4 17. g4 Nf6 18. h4 g5 19. hxg5 hxg5 20. Rh1 Kf7 21. b4 axb4 22. axb4 cxb4 23. Na4 Qe8 24. Nb6 Rxa1 25. Rxa1 Rh8 26. Rh1 Rxh1 27. Kxh1 Na6 28. c5 dxc5 29. Ndc4 Kg6 30. Nd6 Qd8 31. Nbc4 b6 32.
Nxe5+ Kh7 33. Ndf7 Qa8 34. Nxg5+ Kg8 35. Qc4 b5 36. Qxb5 Nc7 37. Qc4 Qa6 38. Qb3 Qa1+ 39. Kg2 Qa3 40. Qc4 Qc3 41. Qxc3 bxc3 42. Bxc5 Nfxd5 43. exd5 Bxe5 44. d6 Na6 45. d7 c2 46. Ba3 Bf6 47. Ne6 Nb4 48. d8=Q+ Bxd8 49. Nxd8 Nd3 50. Ne6 c1=Q 51. Bxc1 Nxc1 52. Nxf4 Kf7 53. Kf2 Nd3+ 54. Nxd3 1-0

[Event "Early-Titled-Tuesday-Blitz-February-13-2024"]
[Site "Chess.com"]
[Date "2024.02.13"]
[Round "11"]
[White "KNVB"]
[Black "SahibSinghKnight"]
[Result "1-0"]
[WhiteElo "2857"]
[BlackElo "2601"]
[TimeControl "180+1"]
[EndTime "10:10:11 PST"]
[Termination "KNVB won by resignation"]

1. d4 Nf6 2. Bf4 e6 3. e3 d5 4.
Nf3 Bd6 5. Nbd2 O-O 6. Bd3 b6 7. Qe2 Bb7 8. O-O Nbd7 9. Ne5 g6 10.
c4 Nh5 11. Bh6 Re8 12. f4 c5 13. Rad1 cxd4 14. exd4 dxc4 15. Ndxc4 Bc7 16. Bc2 b5 17. Ne3 a6 18. Qg4 Ndf6 19. Qh3 Nd5 20. Rf3 Nxe3 21. Rxe3 Bxe5 22. fxe5 Rc8 23. Bd3 Qxd4 24. Kf1 Nf4 25. Qg3 Bxg2+ 26. Ke1 Nxd3+ 27. Rexd3 Qe4+ 28. Kf2 Rc2+ 29. R3d2 Rxd2+ 30. Rxd2 Bh1 31. Re2 Qf5+ 32. Kg1 Bf3 33. Rf2 Qb1+ 34. Rf1 Qe4 35. Qxf3 Qd4+ 36. Qf2 Qd7 37. h3 f6 38. Qxf6 Qd4+ 39. Rf2 Qd1+ 40.
Kh2 Qd7 41. Qf8+ 1-0

[Event "Early-Titled-Tuesday-Blitz-February-13-2024"]
[Site "Chess.com"]
[Date "2024.02.13"]
[Round "11"]
[White "SergioMoralesG"]
[Black "ansko1999"]
[Result "1-0"]
[WhiteElo "2513"]
[BlackElo "2643"]
[TimeControl "180+1"]
[EndTime "10:10:11 PST"]
[Termination "SergioMoralesG won on time"]

1. d4 Nf6 2. c4 e6 3. Nf3 Bb4+ 4.
Nbd2 O-O 5. a3 Be7 6. e3 d5 7. Bd3 c6 8. O-O Nbd7 9. b4 a5 10. bxa5 Rxa5 11. Bb2 Re8 12. c5 b6 13. cxb6 Qxb6 14. Qb3 c5 15. dxc5 Bxc5 16. Rfc1 Ra8 17. Bb5 Rd8 18. a4 Ba6 19. Nd4 Bxb5 20. axb5 Ne5 21. Rxa8 Rxa8 22. Nxe6 Bxe3 23. Qxe3 Qxe3 24. fxe3 Nd3 25. Nc7 Ra2 26. Ra1 Rxa1+ 27. Bxa1 Nc5 28. Bd4 Nfd7 29. Bxc5 Nxc5 30. b6 Nb7 31. Nb3 Kf8 32. Na6 Ke7 33. Nbc5 Nd6 34. b7 Nxb7 35. Nxb7 Ke6 36. Nbc5+ Ke5 37. Kf2 f5 38. Kf3 g5 39.
Nd3+ Kf6 40. Nab4 Ke6 41. Nc6 h5 42. Nd4+ Kf6 43. Nb4 Ke5 44. Nbc6+ Kf6 45. g3 Kg6 46. Nb4 h4 47. Nxd5 1-0

[Event "Early-Titled-Tuesday-Blitz-February-13-2024"]
[Site "Chess.com"]
[Date "2024.02.13"]
[Round "11"]
[White "nicolasbatista3"]
[Black "maicolbenavides"]
[Result "0-1"]
[WhiteElo "2346"]
[BlackElo "2507"]
[TimeControl "180+1"]
[EndTime "10:10:11 PST"]
[Termination "maicolbenavides won on time"]

1. d4 Nf6 2. c4 c5 3. d5 b5 4. Qc2 g6 5. e4 d6 6. Nd2 Bg7 7. Ngf3 O-O 8. Be2 bxc4 9. Bxc4 Nbd7 10. O-O Nb6 11. Rb1 Nxc4 12. Nxc4 a5 13. b3 Nxe4 14. Qxe4 Bf5 15. Qh4 Bxb1 16. Ng5 h6 17. Nf3 g5 18. Nxg5 hxg5 19. Bxg5 Bg6 20. Bxe7 Qd7 21. Bxd6 Rfe8 22. Bxc5 Qxd5 23. Be3 Rad8 24. h3 a4 25. Bg5 Rb8 26. Bf4 Rb4 27. Qg3 axb3 28. axb3 Qd3 29. Qg4 Qxb3 30. Ne3 Qd3 31. Qg3 Rb1 32. Rxb1 Qxb1+ 33. Kh2 Qd3 34. h4 Kh7 35. Qg5 Qd8 36. Qg3 Qa5 37. Qg4 Qh5 38. Qg3 Bh6 39. Kh3 Bxf4 0-1

[Event "Early-Titled-Tuesday-Blitz-February-13-2024"]
[Site "Chess.com"]
[Date "2024.02.13"]
[Round "11"]
[White "TrahtarBelarus"]
[Black "Zurability"]
[Result "1-0"]
[WhiteElo "2875"]
[BlackElo "2748"]
[TimeControl "180+1"]
[EndTime "10:10:13 PST"]
[Termination "TrahtarBelarus won by resignation"]

1. c4 e6 2. Nf3 d5 3. g3 Nf6 4. Bg2 Be7 5. O-O O-O 6. d4 a5 7.
Nc3 c6 8. Bf4 b6 9. Rc1 Bb7 10.
Ne5 Na6 11. e4 Rc8 12. a3 Ba8 13. Qe2 dxc4 14. Nxc4 b5 15. Ne5 Qxd4 16. Rfd1 Qa7 17.
g4 Rfd8 18. g5 Nd7 19. Nxb5 cxb5 20. Rxc8 Rxc8 21. Rxd7 Rc7 22. Qxb5 Rxd7 23. Nxd7 Nc7 24. Qc4 Ne8 25. Ne5 Qb7 26. Nd3 Nd6 27. Bxd6 Bxd6 28. h4 h6 29. b4 axb4 30. axb4 hxg5 31. hxg5 g6 32. b5 Qa7 33. e5 Qa1+ 34. Qc1 Bxe5 35.
Bxa8 Qxa8 36. Nxe5 Qd5 37. Ng4 Qxb5 38. Nh6+ Kf8 39.
Qc8+ Ke7 40. Qc7+ Qd7 41. Qxd7+ Kxd7 42. Nxf7 Kc6 43. Ne5+ Kd5 44. Nxg6 Ke4 45. Nh4 Ke5 46. f4+ Kd6 47. Nf3 Ke7 1-0

[Event "Early-Titled-Tuesday-Blitz-February-13-2024"]
[Site "Chess.com"]
[Date "2024.02.13"]
[Round "11"]
[White "NM_Antelacus"]
[Black "LangesNasenhaar"]
[Result "0-1"]
[WhiteElo "2248"]
[BlackElo "2430"]
[TimeControl "180+1"]
[EndTime "10:10:13 PST"]
[Termination "LangesNasenhaar won on time"]

1. e4 g6 2. d4 Bg7 3. c4 c6 4.
Nc3 d6 5. Nf3 e5 6. dxe5 dxe5 7.
Qxd8+ Kxd8 8. Be3 f6 9. O-O-O+ Kc7 10. Bc5 Bg4 11. Bd6+ Kc8 12. Be2 Nh6 13. h3 Bxf3 14.
Bxf3 Nd7 15. Ba3 Bf8 16. Bxf8 Nxf8 17. g3 Kc7 18. Bg4 Rd8 19. Rxd8 Kxd8 20. Rd1+ Kc7 21. f4 Nxg4 22. hxg4 Ne6 23. Ne2 Rd8 24. Rxd8 Kxd8 25. Kd2 Kc7 26. Ke3 a5 27. Nc3 Kd6 28. f5 Nd4 29.
Na4 g5 30. b3 Nc2+ 31. Kd2 Nb4 32. a3 Na6 33. Kc3 b5 34. cxb5 cxb5 35. Nb6 Nc5 36.
Nc8+ Kc7 37. Ne7 Nxe4+ 38. Kd3 Nc5+ 39. Kc3 Kd6 40. Ng8 Nd7 41. b4 a4 42. Kd3 Kc7 43.
Ke4 Kd8 44. Kd5 Ke8 0-1

[Event "Early-Titled-Tuesday-Blitz-February-13-2024"]
[Site "Chess.com"]
[Date "2024.02.13"]
[Round "11"]
[White "miraitrunks"]
[Black "carloseduar100"]
[Result "1-0"]
[WhiteElo "2200"]
[BlackElo "2327"]
[TimeControl "180+1"]
[EndTime "10:10:13 PST"]
[Termination "miraitrunks won by checkmate"]

1. e4 e6 2. Nc3 d5 3. Nf3 Nf6 4. e5 Nfd7 5. d4 c5 6. dxc5 Nc6 7. Bf4 Bxc5 8. Bd3 h6 9. h4 Qc7 10.
Qe2 a6 11. O-O b5 12. a3 g5 13. hxg5 hxg5 14. Nxg5 Ncxe5 15. Rfe1 Bd6 16. Bxb5 Ke7 17. Bxd7 Bxd7 18. Bxe5 Bxe5 19. Qxe5 Qxe5 20. Rxe5 f6 21. Nxd5+ Kd6 22. Nxf6 Kxe5 23. Nxd7+ Kf5 24. Nf3 Rac8 25. Re1 Rxc2 26. Re5+ Kf4 27. Re3 Rxb2 28. g3+ Kf5 29.
Nd4+ Kg4 30. Kg2 Rd8 31. Ne5+ Kg5 32. Nxe6+ Kf5 33. Nxd8 a5 34. Ndc6 a4 35. Nc4 Rb3 36.
Nd4+ Kf6 37. Nxb3 axb3 38. Rxb3 Ke7 39. a4 Kf6 40. a5 Ke7 41. a6 Ke6 42. a7 Ke7 43.
a8=Q Ke6 44. Rb6+ Kf5 45. Qd5+ Kg4 46. Ne3# 1-0

[Event "Early-Titled-Tuesday-Blitz-February-13-2024"]
[Site "Chess.com"]
[Date "2024.02.13"]
[Round "11"]
[White "szefru"]
[Black "AndresDelgado77"]
[Result "1-0"]
[WhiteElo "2258"]
[BlackElo "2331"]
[TimeControl "180+1"]
[EndTime "10:10:14 PST"]
[Termination "szefru won on time"]

1. e4 e6 2. d4 d5 3. Nd2 Nc6 4. c3 Nf6 5. e5 Nd7 6. f4 f6 7. Bd3 g6 8. Ngf3 Bh6 9. Nb3 O-O 10.
O-O b6 11. Qe1 Kg7 12. Bb5 Bb7 13. exf6+ Qxf6 14. Ne5 Ndxe5 15. dxe5 Qe7 16. Bxc6 Bxc6 17. Nd4 Bd7 18. Qg3 c5 19. Nf3 Bb5 20. Rf2 Rf7 21. Nh4 Raf8 22. Be3 d4 23. cxd4 cxd4 24. Bd2 Kh8 25.
a3 g5 26. Nf3 Rxf4 27. Bxf4 Rxf4 28. Rc1 Ba6 29. Rd1 d3 30. Nd2 Qc5 31. b4 Qxe5 32. Rxf4 gxf4 33. Qf3 Qe3+ 34. Kf1 Qxf3+ 35. Nxf3 Bg7 36.
Kf2 e5 37. Re1 Bf6 38. Nd2 Bb7 39. g3 fxg3+ 40. hxg3 Kg7 41. Ke3 1-0

[Event "Early-Titled-Tuesday-Blitz-February-13-2024"]
[Site "Chess.com"]
[Date "2024.02.13"]
[Round "11"]
[White "DamianoLew95"]
[Black "Sychev_Klementy"]
[Result "0-1"]
[WhiteElo "2736"]
[BlackElo "2920"]
[TimeControl "180+1"]
[EndTime "10:10:15 PST"]
[Termination "Sychev_Klementy won on time"]

1. e4 e5 2. Nf3 Nc6 3. Bb5 a6 4. Bxc6 dxc6 5. O-O Bg4 6. h3 Bh5 7. g4 Bg6 8. Nxe5 Bd6 9. Nxg6 hxg6 10. Qf3 Qd7 11.
d4 f5 12. e5 Be7 13. c3 O-O-O 14. g5 f4 15. Kg2 Bxg5 16. Qg4 Ne7 17. Nd2 Nf5 18.
Nf3 Be7 19. Bxf4 Rdf8 20. Bg3 Kb8 21. c4 Qe6 22. b3 Rh5 23. Rad1 Rfh8 24. d5 cxd5 25.
cxd5 Qb6 26. d6 Bd8 27. Qxg6 Qb5 28. e6 Nxg3 29. Qxg3 Rxh3 30. Qxh3 Rxh3 31. e7 Rh8 32. Rh1 Re8 33. Rhe1 cxd6 34. Rxd6 Bxe7 35. Rde6 Qh5 36. R1e4 Rh8 37. Ng1 Qg5+ 38. Kf1 Bc5 39. Nf3 Qc1+ 40. Ke2 Qc2+ 41. Nd2 Rf8 42. f3 Bb6 43. Rxb6 Rd8 0-1

[Event "Early-Titled-Tuesday-Blitz-February-13-2024"]
[Site "Chess.com"]
[Date "2024.02.13"]
[Round "11"]
[White "HaryKane"]
[Black "RobertoJBM"]
[Result "1-0"]
[WhiteElo "2595"]
[BlackElo "2775"]
[TimeControl "180+1"]
[EndTime "10:10:16 PST"]
[Termination "HaryKane won by resignation"]

1. g3 c6 2. Bg2 d5 3. Nf3 Bg4 4. h3 Bh5 5. O-O Nd7 6. d4 e6 7. Nbd2 Ngf6 8. Re1 Be7 9. g4 Bg6 10. Nh4 O-O 11. Nxg6 hxg6 12. e4 dxe4 13. Nxe4 Nxe4 14. Bxe4 Bd6 15. Qe2 Qf6 16. c3 Bf4 17. Bg2 Bxc1 18. Raxc1 Qf4 19. b4 a6 20. a4 Nf6 21. b5 axb5 22.
axb5 Nd5 23. c4 Ne7 24. Qe3 Qxe3 25. fxe3 Ra3 26. Rb1 Rfa8 27. bxc6 bxc6 28. Rb7 Kf8 29. Reb1 Ra1 30. Rxa1 Rxa1+ 31. Kh2 f6 32. Kg3 Ra3 33. Kf4 g5+ 34. Ke4 f5+ 35. Ke5 Rxe3+ 36. Kd6 Ng6 37. Bxc6 Nf4 38. gxf5 exf5 39. c5 Nxh3 40. Bd5 Nf4 41.
Rf7+ Ke8 42. Rxf5 Rd3 43. Bf7+ Kd8 44. d5 Re3 45. c6 Re7 46. Be6 Nxe6 47. dxe6 Ke8 48.
c7 Rxc7 49. Kxc7 g6 50. Rxg5 1-0

[Event "Early-Titled-Tuesday-Blitz-February-13-2024"]
[Site "Chess.com"]
[Date "2024.02.13"]
[Round "11"]
[White "marik_spb"]
[Black "bazar-wokzal"]
[Result "0-1"]
[WhiteElo "2462"]
[BlackElo "2650"]
[TimeControl "180+1"]
[EndTime "10:10:16 PST"]
[Termination "bazar-wokzal won on time"]

1. d4 Nf6 2. c4 Nc6 3. Nf3 e6 4. g3 Bb4+ 5. Bd2 Qe7 6. Bg2 Bxd2+ 7. Nbxd2 d6 8. O-O O-O 9. e4 e5 10. d5 Nb8 11. b4 c6 12. Qe2 cxd5 13. cxd5 a5 14.
a3 axb4 15. axb4 Rxa1 16. Rxa1 Na6 17. Qb5 Qc7 18. Rb1 Bd7 19. Qc4 Rc8 20. Qxc7 Rxc7 21.
Ne1 Kf8 22. f4 exf4 23. gxf4 Nh5 24. e5 Nxf4 25. exd6 Rc3 26. Ne4 Rc4 27. Nc5 Nxc5 28. bxc5 Rxc5 29. Rxb7 Ke8 30. Be4 f5 31. Rb8+ Rc8 32.
Rb4 Nh3+ 33. Kg2 fxe4 34. Rxe4+ Kd8 35. Re7 Nf4+ 36. Kf3 Nh5 37. Nd3 Rc3 38. Ke4 Be8 39. Kd4 Rc2 40. Nc5 Rxc5 41. Kxc5 h6 42. Ra7 g5 43. Kb6 Nf6 44. Ra8+ Kd7 45. Ra7+ Kxd6 46.
Rg7 Nxd5+ 0-1

[Event "Early-Titled-Tuesday-Blitz-February-13-2024"]
[Site "Chess.com"]
[Date "2024.02.13"]
[Round "11"]
[White "PushingpawnsNYC"]
[Black "MrChessSponge"]
[Result "1-0"]
[WhiteElo "2347"]
[BlackElo "2482"]
[TimeControl "180+1"]
[EndTime "10:10:17 PST"]
[Termination "PushingpawnsNYC won on time"]

1. e4 c5 2. Nc3 Nc6 3. Bb5 Nd4 4. Nf3 Nxb5 5. Nxb5 a6 6. Nc3 d6 7. d4 cxd4 8. Qxd4 Nf6 9. Bg5 e6 10. O-O-O Be7 11.
e5 dxe5 12. Qxe5 Bd7 13. Ne4 Nxe4 14. Bxe7 Qxe7 15. Qxe4 Bc6 16. Qf4 O-O 17. Ne5 Rac8 18. Rd3 f6 19. Nxc6 Rxc6 20. Rhd1 e5 21. Qg3 Rfc8 22. c3 R6c7 23. Qg4 Qf7 24. Rd7 Rxd7 25. Rxd7 f5 26. Qa4 Qg6 27. Qb3+ Kh8 28. Qxb7 Rg8 29. h3 e4 30. g3 Qh6+ 31. Kc2 Qxh3 32. Qd5 Qg4 33. Qd4 Qf3 34. a4 h5 35. Rd6 Kh7 36. Rxa6 f4 37. Qb6 fxg3 38. Qg6+ Kh8 39. fxg3 e3 40. Ra5 Qe2+ 41. Kb1 Rf8 42. Rxh5+ Kg8 43. Qh7+ Kf7 44. Rf5+ Ke7 45. Qxg7+ Ke6 46. Qe5+ 1-0

[Event "Early-Titled-Tuesday-Blitz-February-13-2024"]
[Site "Chess.com"]
[Date "2024.02.13"]
[Round "11"]
[White "Evgeny81"]
[Black "ChessLover0108"]
[Result "0-1"]
[WhiteElo "2761"]
[BlackElo "2996"]
[TimeControl "180+1"]
[EndTime "10:10:18 PST"]
[Termination "ChessLover0108 won by checkmate"]

1. d4 Nf6 2. Nf3 c5 3. d5 b5 4. Bg5 g6 5. Bxf6 exf6 6. e4 Qb6 7. a4 bxa4 8. Nbd2 Qxb2 9. Rxa4 d6 10. Bd3 Qb6 11. O-O Bg7 12. Qe2 O-O 13. Rb1 Qc7 14. Nc4 Nd7 15. Qd2 Rb8 16. Rba1 a6 17. c3 Re8 18.
Na5 Nb6 19. R4a2 c4 20. Bc2 Bd7 21. Nd4 f5 22. exf5 Nxd5 23. fxg6 hxg6 24. h3 Qc5 25. Rd1 Kh7 26. Ba4 Bxa4 27. Rxa4 Bxd4 28. cxd4 Qb5 29. Rxc4 Qb2 30. Rc2 Qb4 31. Nc6 Qxd2 32. Rdxd2 Rb1+ 33. Kh2 Ree1 34. Nd8 Kg7 35. Rc6 Nf4 36.
Rxd6 Ne2 37. g4 Rh1+ 38. Kg2 Nf4+ 39. Kf3 g5 40. Ke4 Nxh3 41. Kd5 Rb5+ 42. Kc6 Rc1+ 43. Kd7 Nf4 44. Re2 Nd5 45. Re7 Rc7+ 46. Ke8 Rxe7# 0-1

[Event "Early-Titled-Tuesday-Blitz-February-13-2024"]
[Site "Chess.com"]
[Date "2024.02.13"]
[Round "11"]
[White "Yurovskykh_Oleksandr"]
[Black "LiamPutnam2008"]
[Result "1-0"]
[WhiteElo "2690"]
[BlackElo "2801"]
[TimeControl "180+1"]
[EndTime "10:10:18 PST"]
[Termination "Yurovskykh_Oleksandr won by resignation"]

1. d4 Nf6 2. Nf3 b6 3. Bg5 Ne4 4. Bh4 Bb7 5. e3 g6 6. Nbd2 Nxd2 7. Qxd2 Bg7 8. Be2 O-O 9. O-O d6 10. a4 a5 11. Rfd1 Nd7 12. c3 Nf6 13. Qc2 Be4 14. Qb3 Qd7 15. Nd2 Bb7 16. Bf3 Bxf3 17. Nxf3 Ne4 18.
Nd2 Nf6 19. d5 Rfe8 20. Bxf6 exf6 21. Qb5 Qg4 22. Qc4 Qd7 23. Nf3 f5 24. Nd4 Re4 25.
Qc6 Qxc6 26. Nxc6 Rae8 27. g3 h5 28. h4 f6 29. Nd4 Kf7 30. Nb5 R8e7 31. Rd4 Ke8 32.
Rad1 Kd7 33. Na7 Re8 34. Nc6 Bh6 35. Rxe4 Rxe4 36. Rd4 Bg7 37. b4 axb4 38. cxb4 Re8 39. a5 Ra8 40. Rd2 bxa5 41. bxa5 g5 42. f4 gxh4 43.
gxh4 Bf8 44. Rb2 Be7 45. Kf2 Bd8 46. Ke2 Kc8 47. Kd3 Kd7 48. Kc4 Kc8 49. Rg2 Kd7 50. Rg7+ Ke8 51. Rg8+ Kd7 52. Rxd8+ Rxd8 53. Nxd8 Kxd8 54.
Kb5 Kc8 55. Kc6 Kb8 56. a6 1-0

[Event "Early-Titled-Tuesday-Blitz-February-13-2024"]
[Site "Chess.com"]
[Date "2024.02.13"]
[Round "11"]
[White "ValiantCeleb"]
[Black "Kotofeyca"]
[Result "0-1"]
[WhiteElo "2211"]
[BlackElo "2404"]
[TimeControl "180+1"]
[EndTime "10:10:18 PST"]
[Termination "Kotofeyca won on time"]

1. e4 c5 2. Nf3 d6 3. d4 cxd4 4. Nxd4 Nf6 5. Nc3 a6 6. Bc4 e6 7. Bb3 Be7 8. g4 h6 9. h4 Nc6 10. f3 Na5 11. Be3 Nxb3 12. axb3 Qc7 13. Qe2 e5 14.
Nf5 Bxf5 15. gxf5 O-O-O 16. O-O-O Qc6 17. Nd5 Nxd5 18. Rxd5 g6 19. fxg6 fxg6 20. Bf2 Rdf8 21. Qe3 g5 22. Rd3 Kd7 23. Kb1 gxh4 24. Bxh4 Rc8 25. Rc3 Qb5 26. Bxe7 Rxc3 27. bxc3 Kxe7 28. Rxh6 Qf1+ 29. Kb2 Rxh6 30. Qxh6 Qxf3 31. Qg7+ Qf7 32. Qg5+ Kd7 33. Qg4+ Kc7 34. Qe2 Qd7 35. Qc4+ Qc6 36.
Qf7+ Kb6 37. Qh7 a5 38. Qh4 Ka6 39. Qe1 b5 40. Qe2 Kb6 41. c4 bxc4 42. Qe3+ Qc5 43. Qe2 c3+ 44. Kb1 Qd4 45. Ka2 a4 0-1

[Event "Early-Titled-Tuesday-Blitz-February-13-2024"]
[Site "Chess.com"]
[Date "2024.02.13"]
[Round "11"]
[White "FREDERICKtheMATE"]
[Black "mishanick"]
[Result "0-1"]
[WhiteElo "2712"]
[BlackElo "2987"]
[TimeControl "180+1"]
[EndTime "10:10:20 PST"]
[Termination "mishanick won by checkmate"]

1. d4 Nf6 2. c4 e6 3. Nf3 d5 4.
Nc3 Nbd7 5. Bf4 Bb4 6. e3 c5 7. a3 Bxc3+ 8. bxc3 Qa5 9. Qc2 Ne4 10.
cxd5 exd5 11. Rc1 O-O 12. a4 Ndf6 13. Bd3 c4 14. Bxe4 Nxe4 15. Nd2 Nxd2 16. Kxd2 Bd7 17. Ra1 Rfe8 18. Rhb1 b6 19. Rb4 Re6 20. Bg3 Rae8 21.
Re1 Qa6 22. Ra1 h6 23. Qa2 Re4 24. a5 b5 25. Qc2 Qg6 26. Re1 Bf5 27. Qd1 a6 28.
Kc1 h5 29. Rg1 h4 30. Bf4 Qf6 31. g4 Bg6 32. Qd2 Bh7 33. g5 Qd8 34. Be5 Qxa5 35.
Kb2 Qb6 36. Kc1 a5 37. Rb2 b4 38. cxb4 axb4 39. Qxb4 Qe6 40. Qd6 Qf5 41. Rb8 Rxe5 42. g6 Bxg6 43. Rxg6 Re4 44. Rg2 h3 45. Rg3 Qxf2 46.
Rxe8+ Rxe8 47. Qxd5 Qf1+ 48. Kb2 Rb8+ 49. Kc3 Qd3# 0-1